 Dungeon Crawl Stone Soup version 0.31.0-32-g396128a36d (webtiles) character file.

Game seed: 17228458459345836552

316 Panzerbjorn the Slasher (level 6, -3/48 HPs)
             Began as a Human Berserker on Apr 11, 2024.
             Was a Believer of Trog.
             Slain by an ogre
             ... wielding a +0 giant club
              (9 damage)
             ... on level 4 of the Dungeon.
             The game lasted 00:13:20 (2622 turns).

Panzerbjorn the Slasher (Human Berserker)           Turns: 2622, Time: 00:13:21

Health: -3/48      AC: 10    Str: 17    XL:     6   Next: 44%
Magic:  6/6        EV: 10    Int:  7    God:    Trog [**....]
Gold:   196        SH:  0    Dex: 15    Spells: 5/5 levels left

rFire   x . .        m - +0 long sword
rCold   + + .        (no shield)
rNeg    . . .        r - +0 ice dragon scales
rPois   .            (no helmet)
rElec   .            (no cloak)
rCorr   .            (no gloves)
SInv    .            (no boots)
Will    .....        (no amulet) Stlth
                     (no ring)
HPRegen 0.28/turn    (no ring)
MPRegen 0.10/turn

%: no passive effects
@: no status effects
A: explore regen
a: Renounce Religion, Berserk, Trog's Hand


You were on level 4 of the Dungeon.
You worshipped Trog.
Trog was pleased with you.
You visited 1 branch of the dungeon, and saw 4 of its levels.

You collected 196 gold pieces.

Inventory:

Hand Weapons
 m - a +0 long sword (weapon)
Armour
 r - +0 ice dragon scales (worn)
Wands
 u - a wand of iceblast (10)
Scrolls
 b - a scroll of butterflies {unknown}
 c - a scroll of vulnerability {unknown}
 e - a scroll of enchant weapon {unknown}
 g - a scroll of teleportation {unknown}
 i - 3 scrolls of identify
 j - a scroll of immolation {unknown}
 n - a scroll of brand weapon {unknown}
 p - 2 scrolls of blinking {unknown}
 s - a scroll of revelation {unknown}
 t - a scroll of fear {unknown}
Potions
 d - 5 potions of attraction
 f - 2 potions of brilliance
 h - 2 potions of magic {unknown}
 l - a potion of mutation {unknown}
 o - a potion of invisibility {unknown}
 q - a potion of enlightenment {unknown}


   Skills:
 + Level 3.9 Fighting
 + Level 5.5 Long Blades
 + Level 3.0 Armour
 + Level 2.9 Dodging
 + Level 0.8 Stealth


You had 5 spell levels left.
You didn't know any spells.
Your spell library contained the following spells:

 Spells                   Type           Power      Damage    Failure   Level
 Static Discharge         Conj/Air       0%         3-3/arc   96%         2
 Tukima's Dance           Hex            0%         N/A       99%         3
 Airstrike                Air            0%         2d(0-16)  100%        4
 Ignite Poison            Fire/Alch      0%         N/A       100%        4
 Leda's Liquefaction      Alch/Erth      0%         N/A       100%        4
 Passage of Golubria      Tloc           0%         N/A       100%        4
 Summon Lightning Spire   Summ/Air       0%         N/A       100%        4
 Lee's Rapid Deconstruct  Erth           0%         3d4*      100%        5
 Yara's Violent Unravell  Hex/Alch       0%         3d3       100%        5


Dungeon Overview and Level Annotations

Branches:
Dungeon (4/15)
 Temple: D:4-7

Altars:


Innate Abilities, Weirdness & Mutations

You regain HP and MP as you explore.


Message History

You slash the phantom!
You destroy the phantom!
Trog accepts your kill. The goblin hits you but does no damage.
Your Armour skill increases to level 3!
The goblin barely misses you.
You closely miss the goblin. The goblin hits you but does no damage.
The goblin hits you with a +0 club.
You hit the goblin.
The goblin is severely wounded.
The goblin hits you but does no damage.
You hit the goblin.
You kill the goblin!
Trog accepts your kill.
You see here a +0 club.
You hear the slow rusting of a very distant drain.
HP restored.
A goblin comes into view. It is wielding a +0 club.
Found 5 poisoned darts.
The goblin shouts!
You hear a shout!
The goblin hits you but does no damage.
You hit the goblin.
You kill the goblin!
Trog accepts your kill.
An ogre comes into view. It is wielding a +0 giant club.
The ogre shouts!
You see here a +0 club.
The ogre hits you with a +0 giant club.
You closely miss the ogre. The ogre hits you with a +0 giant club!
You slash the ogre!
The ogre is moderately wounded.
You barely miss the ogre.
The ogre is moderately wounded.
The ogre hits you with a +0 giant club!!
Ouch! That really hurt!
* * * LOW HITPOINT WARNING * * *
You slash the ogre!
The ogre is severely wounded.
The ogre hits you with a +0 giant club!
You die...

### ....
############# .....
............# #.....
.......(###.###......
......O@..)..........
..#.....####..######
#.##### ##..# # ##.##
#..## ##..# ##)# #.#
##.###


You could see an ogre.

Vanquished Creatures
  A phantom (D:4)
  Ijyb (D:3)
  Natasha (thrice) (D:2)
  6 adders (D:2)
  3 ribbon worms (D:3)
  2 orcs
  5 ball pythons
  7 endoplasms
  6 giant cockroaches
  11 goblins
  7 hobgoblins
  5 kobolds
  5 quokkas
  6 bats
  2 frilled lizards
  4 rats
74 creatures vanquished.

Vanquished Creatures (others)
  An endoplasm (D:3)
  A frilled lizard (D:3)
2 creatures vanquished.

Grand Total: 76 creatures vanquished

Notes
Turn   | Place    | Note
-------+----------+-------------------------------------------
     0 | D:1      | Panzerbjorn the Human Berserker began the quest for the
                  | Orb.
     0 | D:1      | Reached XP level 1. HP: 18/18 MP: 1/1
   169 | D:1      | Reached XP level 2. HP: 20/24 MP: 2/2
   554 | D:1      | Reached XP level 3. HP: 29/29 MP: 3/3
   712 | D:1      | Reached ** piety under Trog
   985 | D:2      | Noticed Natasha
   995 | D:2      | Killed Natasha
   996 | D:2      | Reached XP level 4. HP: 15/36 MP: 4/4
  1010 | D:2      | Reached skill level 4 in Long Blades
  1237 | D:2      | Reached XP level 5. HP: 38/42 MP: 5/5
  1252 | D:2      | Got the Meditations on the Coarse Inferno
  1409 | D:2      | Noticed Natasha
  1416 | D:2      | Killed Natasha
  1536 | D:2      | Noticed Natasha
  1541 | D:2      | Killed Natasha
  2013 | D:3      | Noticed Ijyb
  2024 | D:3      | Killed Ijyb
  2025 | D:3      | Reached skill level 5 in Long Blades
  2055 | D:3      | Reached XP level 6. HP: 48/48 MP: 6/6
  2242 | D:3      | Found a faded altar of an unknown god.
  2622 | D:4      | Slain by an ogre

Illustrated notes

Levels and vault maps discovered:
D:1:      minmay_arrival_semitransparent, layout_loops_ring
D:2:      layout_loops_ring, serial_rivers, chequers_serial_rivers_micro_b,
          chequers_serial_rivers_micro_c, chequers_serial_rivers_micro_c,
          chequers_serial_rivers_micro_b, chequers_serial_rivers_micro_e,
          minmay_diced_spiral, uniq_natasha
D:3:      layout_basic, dreamdust_ecumenical_altar_statues, serial_bayou_pond_d,
          serial_bayou_pond_e, chequers_serial_rivers_large_a, uniq_ijyb
D:4:      layout_rooms, amcnicky_altar_gilded, vehumet_statue, temple_statues,
          lightli_sewer_entry_pipes, uniq_crazy_yiuf_cottage

Skill      XL: |  1  2  3  4  5  6 |
---------------+-------------------+-----
Long Blades    | 4 5 |  5.5
Armour         | 3 |  3.0
Fighting       | |  3.9
Dodging        | |  2.9
Stealth        | |  0.8

Action                     |  1- 3 |  4- 6 || total
---------------------------+-------+-------++-------
  Melee: Falchion          |   106 |       ||   106
         Punch             |     1 |     3 ||     4
         Long sword        |    10 |   161 ||   171
    Use: Scroll            |       |     2 ||     2
 Armour: Animal skin       |    18 |       ||    18
         Ring mail         |    59 |    68 ||   127
         Ice dragon scales |       |    54 ||    54
  Dodge: Dodged            |    71 |   109 ||   180
